AoeStats
← jphilkill

African Clearing

510314749Analyzed
4v4 RM · 2d ago on Sep 30, 2026· 26m 41s· 8 players
Game mode
Random Map
Map size
Large (8 player)
Population
200
Speed
Normal
Resources
Standard
Victory
Conquest
Starting age
Dark Age
Ending age
Imperial Age
RankedLock teamsTeams togetherTeam positionsShared explorationLock speedFull tech treeHidden civsTurbo modeCheats
Victory
Defeat
🇮🇱 Berbers · Israel
1069
+14
🇦🇹 Khmer · Austria
1065
+14
🇫🇷 Ethiopians · France
1048
+15
🇩🇪 Huns · Germany
995
+17
1088
-19
🇹🇼 Varangians · Taiwan
1007
-14
🇪🇸 Maya · Spain
994
-14
🇨🇳 Huns · China
977
-13
Baziz
10:12 Loom
12:34 Feudal Age
19:47 Castle Age
17:47 Fletching
20:05 Crossbowman
21:50 Double-Bit Axe
25:50 Bodkin Arrow
Spitfire
9:37 Loom
16:11 Feudal Age
16:54 Double-Bit Axe
20:54 Castle Age
18:55 Horse Collar
20:37 Gold Mining
20:47 Fletching
23:09 Bow Saw
24:45 Bodkin Arrow
26:47 Bloodlines
3blue
3:57 Loom
12:06 Feudal Age
13:57 Forging
16:36 Horse Collar
23:02 Castle Age
21:07 Double-Bit Axe
21:44 Scale Barding Armor
22:19 Bloodlines
24:20 Chain Barding Armor
24:32 Husbandry
24:53 Gold Mining
jphilkill
3:59 Loom
14:45 Feudal Age
23:39 Castle Age
JOSEMI27
12:48 Loom
16:14 Feudal Age
Tr3vorTW
8:29 Loom
13:04 Feudal Age
18:31 Castle Age
18:13 Double-Bit Axe
19:54 Bow Saw
19:53 Horse Collar
22:20 Gold Mining
22:34 Heavy Plow
有死之荣无生之辱
5:17 Loom
15:50 Feudal Age
20:19 Castle Age
18:55 Double-Bit Axe
19:17 Horse Collar
LaoWoo
11:10 Loom
13:27 Feudal Age
18:10 Castle Age
16:49 Bloodlines
16:31 Double-Bit Axe
17:25 Horse Collar
18:11 Scale Barding Armor
18:16 Forging
Connection lost

Rejoining the realm…

Still unreachable

The connection could not be restored.

Session expired

The server has moved on; the page needs a fresh start.